 Dungeon Crawl Stone Soup version 0.29.1-12-g30fa7ad0bf (webtiles) character file.

Game seed: 4217477546128998378

550 GigaChad the Chopper (level 7, -17/61 HPs)
             Began as a Minotaur Fighter on Jan 15, 2023.
             Was a Believer of Kikubaaqudgha.
             Demolished by Menkaure (23 damage)
             ... on level 5 of the Dungeon.
             The game lasted 00:09:11 (4376 turns).

GigaChad the Chopper (Minotaur Fighter)             Turns: 4376, Time: 00:09:12

Health: -17/61     AC:  0    Str: 23    XL:     7   Next: 7%
Magic:  6/6        EV: 10    Int:  5    God:    Kikubaaqudgha [**....]
Gold:   1182       SH:  4    Dex:  9    Spells: 6/6 levels left

rFire   . . .      SeeInvis .   a - +0 war axe
rCold   . . .      Faith    .   c - +0 buckler
rNeg    . . .      Spirit   .   b - +0 scale mail
rPois   .          Reflect  .   (helmet restricted)
rElec   .          Harm     .   (no cloak)
rCorr   .          Rampage  .   (no gloves)
Will    .....                   (no boots)
Stlth   ..........              (no amulet)
HPRegen 0.20/turn               (no ring)
MPRegen 0.10/turn               (no ring)

@: corroded
A: horns 2, retaliatory headbutt
a: Renounce Religion, Unearth Wretches


You were on level 5 of the Dungeon.
You worshipped Kikubaaqudgha.
Kikubaaqudgha was pleased with you.
You visited 1 branch of the dungeon, and saw 5 of its levels.

You collected 1182 gold pieces.

Inventory:

Hand Weapons
 a - a +0 war axe (weapon)
 r - a +3 great sword
 s - a +0 scimitar of flaming
Missiles
 g - 2 javelins (quivered)
Armour
 b - a +0 scale mail (worn)
 c - a +0 buckler (worn)
Jewellery
 h - a ring of poison resistance
 q - a ring of willpower
Scrolls
 i - a scroll of fear
 k - a scroll of magic mapping
 o - a scroll of identify
Potions
 d - 3 potions of might
 e - a potion of curing {unknown}
 f - 3 potions of flight {unknown}
 j - 2 potions of degeneration {unknown}
 l - 3 potions of heal wounds {unknown}
 m - a potion of invisibility {unknown}
 n - a potion of berserk rage {unknown}
 p - a potion of attraction {unknown}


   Skills:
 + Level 5.1 Fighting
 + Level 6.3 Axes
 + Level 5.7 Armour
 + Level 1.8 Dodging
 + Level 4.4 Shields


You had 6 spell levels left.
You didn't know any spells.
Your spell library contained the following spells:

 Spells                   Type           Power      Damage    Failure   Level
 Necrotise                Necr           0%         1d4       85%         1
 Gell's Gravitas          Tloc           0%         N/A       99%         3
 Lesser Beckoning         Tloc           0%         N/A       99%         3
 Teleport Other           Tloc           0%         N/A       99%         3
 Vampiric Draining        Necr           0%         2d6       99%         3
 Anguish                  Hex/Necr       0%         N/A       100%        4
 Animate Dead             Necr           0%         N/A       100%        4


Dungeon Overview and Level Annotations

Branches:
Dungeon (5/15)
 Temple: D:4-7

Altars:
Hepliaklqana
Kikubaaqudgha

Annotations:
D:5 Menkaure


Innate Abilities, Weirdness & Mutations

You have a pair of horns on your head.
You reflexively headbutt those who attack you in melee.


Message History

You headbutt the jelly, but do no damage.
The jelly is lightly wounded.
The jelly barely misses you.
You hit the jelly.
Your hands burn!
You headbutt the jelly!
You kill the jelly!
Kikubaaqudgha accepts your kill.
Your Fighting skill increases to level 5!
You open the door.
There is an open door here.
Menkaure, Prince of Dust comes into view.
Menkaure shouts!
A dart slug comes into view.
Menkaure casts a spell.
Menkaure seems to speed up.
There is an open door here.
There is an open door here.
You hit Menkaure.
Menkaure is lightly damaged.
Menkaure hits you!
You barely miss Menkaure.
Menkaure is lightly damaged.
Menkaure hits you! x2
You barely miss Menkaure.
Menkaure is lightly damaged.
Menkaure closely misses you.
You hit Menkaure.
Menkaure is moderately damaged.
Menkaure hits you!!
* * * LOW HITPOINT WARNING * * *
You hit Menkaure but do no damage.
You headbutt Menkaure, but do no damage.
Menkaure is moderately damaged.
You hit the dart slug but do no damage.
Menkaure whispers, "It doesn't hurt if you pull your brain out of your nose yourself."
Menkaure closely misses you. You furiously retaliate!
You headbutt Menkaure. The dart slug barely misses you.
You furiously retaliate!
You headbutt the dart slug, but do no damage.
Menkaure hits you!!
You die...
Kikubaaqudgha rasps: "You have failed me!
Welcome... death!"

....... .....
#...########
#...##.....###
#....#.......#
#....#.......#
+....#w......#
#....@M......#
#...####..^.##
#...####....#
#......#..w....
#......#........
#...<..#........
########..######
####


You could see Menkaure (fast) and a dart slug.

Vanquished Creatures
  A scorpion (D:4)
  5 wights (D:4)
  An orc priest (D:3)
  A jelly (D:5)
  2 orc wizards (D:3)
  5 adders
  An ufetubus (D:4)
  3 dart slugs
  3 orcs
  4 endoplasms
  5 giant cockroaches
  4 goblins
  6 hobgoblins
  3 jackals (D:4)
  3 quokkas
  8 ball pythons
  7 bats
  4 frilled lizards
  8 kobolds
  3 rats
77 creatures vanquished.

Vanquished Creatures (others)
  A hobgoblin (D:2)
  A rat (D:2)
  7 plants (D:4)
9 creatures vanquished.

Grand Total: 86 creatures vanquished

Notes
Turn   | Place    | Note
-------+----------+-------------------------------------------
     0 | D:1      | GigaChad the Minotaur Fighter began the quest for the Orb.
     0 | D:1      | Reached XP level 1. HP: 19/19 MP: 0/0
   109 | D:1      | Reached XP level 2. HP: 27/27 MP: 1/1
   231 | D:1      | Found a faded altar of an unknown god.
   245 | D:1      | Prayed at the altar of an unknown god.
   245 | D:1      | Became a worshipper of Kikubaaqudgha
   245 | D:1      | Reached * piety under Kikubaaqudgha
   245 | D:1      | Received a gift from Kikubaaqudgha
   806 | D:1      | Reached skill level 3 in Axes
   855 | D:2      | Reached XP level 3. HP: 33/33 MP: 2/2
  1357 | D:2      | Reached XP level 4. HP: 33/40 MP: 3/3
  1483 | D:3      | Reached skill level 1 in Dodging
  1487 | D:3      | Reached skill level 4 in Axes
  1491 | D:3      | Reached XP level 5. HP: 43/46 MP: 4/4
  1609 | D:3      | Reached ** piety under Kikubaaqudgha
  2040 | D:3      | Found a hazy altar of Hepliaklqana.
  2600 | D:4      | Reached skill level 5 in Axes
  2982 | D:4      | Identified a scroll of acquirement
  2982 | D:4      | Acquired 891 gold pieces
  3086 | D:4      | Reached skill level 5 in Armour
  3086 | D:4      | Reached XP level 6. HP: 19/53 MP: 5/5
  3451 | D:4      | Reached skill level 6 in Axes
  3758 | D:4      | Reached XP level 7. HP: 25/60 MP: 6/6
  4347 | D:5      | Entered Level 5 of the Dungeon
  4359 | D:5      | Reached skill level 5 in Fighting
  4364 | D:5      | Noticed Menkaure
  4376 | D:5      | Demolished by Menkaure

Illustrated notes

Levels and vault maps discovered:
D:1:      tarquinn_simple_flora_water_c, layout_loops_corners,
          dreamdust_ecumenical_altar_angels_and_demons, minmay_tromino_v4_b
D:2:      layout_rooms, kennysheep_generic_room_5
D:3:      layout_basic, amcnicky_altar_gilded
D:4:      layout_basic, serial_forest, infiniplex_forest_lined_ring,
          infiniplex_forest_clump_double, infiniplex_forest_corner_1,
          infiniplex_forest_zigzag_1, infiniplex_forest_corner_1,
          infiniplex_forest_3_way
D:5:      layout_gridville, mainiacjoe_overflow_alcove_4,
          minmay_temple_entry_mini_moons, uniq_menkaure

Skill      XL: |  1  2  3  4  5  6  7 |
---------------+----------------------+-----
Shields        | 4 |  4.4
Armour         | 4 5 |  5.7
Axes           | 3 4 5 6 |  6.3
Fighting       | 4 5 |  5.1
Dodging        | 1 |  1.8

Action                   |  1- 3 |  4- 6 |  7- 9 || total
-------------------------+-------+-------+-------++-------
Melee: War axe           |    56 |   106 |    13 ||   175
       Headbutt          |    12 |    12 |     3 ||    27
Invok: Unearth Wretches  |       |     1 |       ||     1
  Use: Scroll            |     7 |     1 |       ||     8
Armor: Scale mail        |    43 |    44 |     2 ||    89
Dodge: Dodged            |    38 |    39 |     5 ||    82
Block: Buckler           |    17 |    18 |     5 ||    40
